 Dungeon Crawl Stone Soup version 0.29.1-2-gbd0b4ee654 (webtiles) character file.

Game seed: 13887400919689025802

4260 cdecastro the Slicer (level 10, -1/70 HPs)
             Began as a Human Cinder Acolyte on Nov 11, 2022.
             Was a High Priest of Ignis.
             Killed by vampiric draining
             ... invoked by a vampire
              (16 damage)
             ... on level 9 of the Dungeon.
             The game lasted 00:18:21 (11503 turns).

cdecastro the Slicer (Human Cinder Acolyte)        Turns: 11503, Time: 00:18:22

Health: -1/70      AC:  9    Str: 15    XL:     10   Next: 56%
Magic:  2/11       EV: 11    Int: 28    God:    Ignis [*****.]
Gold:   258        SH:  0    Dex:  9    Spells: 9/11 levels left

rFire   + + .      SeeInvis .   M - +9 short sword of Iqat {vorpal, rF+ Int+4}
rCold   + . .      Faith    .   (no shield)
rNeg    . . .      Spirit   .   G - +3 leather armour {Will+}
rPois   .          Reflect  .   u - +0 helmet
rElec   .          Harm     .   o - +0 cloak
rCorr   .          Rampage  .   t - +0 pair of gloves
Will    +....                   (no boots)
Stlth   +.........              K - amulet of regeneration
HPRegen 1.01/turn               w - +6 ring of intelligence
MPRegen 0.12/turn               P - ring of protection from cold

@: no status effects
A: no striking features
a: Renounce Religion, Fiery Armour, Foxfire Swarm, Rising Flame


You were on level 9 of the Dungeon.
You worshipped Ignis.
Ignis was extremely pleased with you.
You visited 2 branches of the dungeon, and saw 10 of its levels.

You collected 483 gold pieces.
You spent 225 gold pieces at shops.

Inventory:

Hand Weapons
 a - a -1 spear of flaming
 s - a +1 hand axe of venom
 M - the +9 short sword of Iqat (weapon) {vorpal, rF+ Int+4}
   (You took it off an orc on level 6 of the Dungeon)

   It inflicts extra damage upon your enemies.
   Int:       It affects your intelligence (+4).
   rF:        It protects you from fire.
Missiles
 d - 61 stones
 h - 12 boomerangs
 j - 7 javelins
 A - 6 atropa-tipped darts
 C - 20 poisoned darts
 Q - 3 curare-tipped darts
Armour
 o - a +0 cloak (worn)
 t - a +0 pair of gloves (worn)
 u - a +0 helmet (worn)
 G - a +3 leather armour of willpower (worn)
 S - the +8 ice dragon scales of the Voracious God {-Tele Fly rF- rC++ Str+8}
   (You found it on level 8 of the Dungeon)

   Str:       It affects your strength (+8).
   rF:        It makes you vulnerable to fire.
   rC:        It greatly protects you from cold.
   Fly:       It grants you flight.
   -Tele:     It prevents most forms of teleportation.
Magical Staves
 r - a staff of earth
Jewellery
 w - a +6 ring of intelligence (left hand)
 K - an amulet of regeneration (around neck)
 P - a ring of protection from cold (right hand)
 R - a ring of protection from fire
Wands
 D - a wand of mindburst (30)
 F - a wand of flame (35)
 I - a wand of digging (5)
 N - a wand of polymorph (8)
 W - a wand of quicksilver (4)
Scrolls
 c - 4 scrolls of enchant weapon {unknown}
 f - 4 scrolls of brand weapon {unknown}
 g - 3 scrolls of fear {unknown}
 i - 2 scrolls of fog {unknown}
 l - 8 scrolls of identify
 q - a scroll of immolation {unknown}
 x - 2 scrolls of enchant armour {unknown}
 y - 3 scrolls of poison {unknown}
 z - 4 scrolls of teleportation
 B - a scroll of amnesia {unknown}
 E - 2 scrolls of vulnerability {unknown}
 L - 2 scrolls of blinking {unknown}
 O - a scroll of noise {unknown}
 V - a scroll of summoning {unknown}
Potions
 b - 3 potions of curing
 e - 3 potions of might
 k - 3 potions of invisibility
 m - 4 potions of mutation
 n - 2 potions of brilliance
 p - a potion of lignification
 v - a potion of degeneration
 H - a potion of attraction
 J - 4 potions of heal wounds
 T - a potion of cancellation {unknown}
 U - a potion of flight {unknown}


   Skills:
 - Level 3.0 Fighting
 * Level 11.1 Short Blades
 - Level 7.8(8.1) Axes
 - Level 3.0(5.8) Polearms
 - Level 1.0 Spellcasting
 - Level 6.1 Fire Magic


You had 9 spell levels left.
You knew the following spells:

 Your Spells              Type           Power      Damage    Failure   Level
a - Scorch                Fire           70%        2d9       1%          2

Your spell library contained the following spells:

 Spells                   Type           Power      Damage    Failure   Level
 Apportation              Tloc           2%         N/A       12%         1
 Necrotise                Necr           4%         1d4       12%         1
 Summon Small Mammal      Summ           4%         N/A       12%         1
 Vampiric Draining        Necr           1%         2d6       36%         3
 Anguish                  Hex/Necr       0%         N/A       77%         4
 Agony                    Necr           1%         N/A       98%         5
 Enfeeble                 Hex            0%         N/A       100%        7


Dungeon Overview and Level Annotations

Branches:
Dungeon (9/15)             Temple (1/1) D:7
   Lair: D:8-11         Orc: D:9-12

Altars:
Ashenzari
Cheibriados
Dithmenos
Elyvilon
Fedhas
Gozag
Hepliaklqana
Kikubaaqudgha
Makhleb
Nemelex Xobeh
Okawaru
Qazlal
Ru
Sif Muna
Trog
Uskayaw
Vehumet
Wu Jian
Xom
Yredelemnul
Zin
The Shining One
Jiyva

Shops:
D:3 *   D:6 ?

Annotations:
D:9 exclusion: two-headed ogre


Message History

The vampire flickers and vanishes!
Deactivating autopickup; reactivate with Ctrl-A.
Casting: Scorch (safe; 1% risk of failure)
Press: ? - help, Q - select action, (/) - cycle Dir - look around, f - activate Flames lash something but do no damage.
Something completely misses you. Something bites you!
Something draws strength from your injuries!
Unknown command.
Casting: Scorch (safe; 1% risk of failure)
Press: ? - help, Q - select action, (/) - cycle Dir - look around, f - activate Flames lash something.
Something hits you. Something bites you.
Something draws strength from your injuries!
Unknown command.
Casting: Scorch (safe; 1% risk of failure)
Press: ? - help, Q - select action, (/) - cycle Dir - look around, f - activate Flames lash something.
Something hits you! Something bites you.
Something draws strength from your injuries!
Unknown command.
You hit something. Something hits you. Something bites you!
* * * LOW HITPOINT WARNING * * *
Something draws strength from your injuries!
You miss something. You barely miss something. Something hits you!
* * * LOW HITPOINT WARNING * * *
Something bites you but does no damage.
You closely miss something. Something hits you but does no damage.
Something bites you but does no damage.
You miss something. Your punch misses something. You closely miss something.
Something hits you.
* * * LOW HITPOINT WARNING * * *
Something barely misses you.
You hit something but do no damage. You hit something. Something hits you!
* * * LOW HITPOINT WARNING * * *
Something bites you but does no damage.
You hit something. You closely miss something.
Something draws life force from you!
You die...

.........# .....
........## .(...
#####..##⌠ ##..#
.## .. #..# ...
#..# #### ....
#..# ...#
#....##..# ...+
#....{..# ####
#....##@.# .V.
#..# .
#..######## ###
#####..........
...
##..............
...
#.......########
### ######..#
#..# #..#


There were no monsters in sight!

Vanquished Creatures
  A wyvern (D:9)
  Eustachio (D:5)
  6 yaks
  2 steam dragons
  A water moccasin (D:6)
  Duvessa (D:5)
  An ice beast (D:6)
  A sky beast (D:7)
  An orc warrior (D:8)
  A black bear (D:6)
  An ogre (D:5)
  2 centaurs
  2 phantoms (D:6)
  2 kobold brigands
  Blork the orc (D:6)
  2 bullfrogs (D:7)
  A necrophage (D:6)
  2 scorpions
  3 wights
  Dowan (D:5)
  4 killer bees (D:9)
  3 howler monkeys
  8 jellies
  3 orc priests
  5 hounds
  2 iguanas (D:6)
  5 orc wizards
  A gnoll (D:6)
  9 adders
  2 white imps
  An ufetubus (D:6)
  2 worms (D:2)
  3 dart slugs
  24 orcs
  5 ball pythons
  6 endoplasms
  4 giant cockroaches
  4 goblins
  9 hobgoblins
  11 kobolds
  2 quokkas
  9 bats
  6 frilled lizards
  4 rats
165 creatures vanquished.

Notes
Turn   | Place    | Note
-------+----------+-------------------------------------------
     0 | D:1      | cdecastro the Human Cinder Acolyte began the quest for the
                  | Orb.
     0 | D:1      | Reached XP level 1. HP: 18/18 MP: 2/2
    45 | D:1      | Reached XP level 2. HP: 24/24 MP: 3/3
   370 | D:1      | Learned a level 2 spell: Scorch
   691 | D:1      | Found a faded altar of an unknown god.
   864 | D:1      | Reached XP level 3. HP: 29/29 MP: 4/4
  1135 | D:2      | You fall into a shaft and drop 2 floors!
  1156 | D:4      | Reached XP level 4. HP: 35/35 MP: 0/5
  1221 | D:4      | Found a burning altar of Makhleb.
  1221 | D:4      | Found a glowing golden altar of the Shining One.
  1518 | D:3      | Reached skill level 5 in Fire Magic
  1677 | D:3      | Reached XP level 5. HP: 15/41 MP: 0/6
  3539 | D:3      | Found Efiux Wao's General Store.
  3562 | D:3      | Bought a potion of degeneration for 12 gold pieces
  3562 | D:3      | Bought a potion of mutation for 96 gold pieces
  3673 | D:3      | Reached XP level 6. HP: 31/47 MP: 7/7
  4164 | D:4      | Reached skill level 1 in Axes
  4739 | D:5      | Entered Level 5 of the Dungeon
  5501 | D:5      | Found a basalt altar of Yredelemnul.
  5517 | D:5      | Noticed Eustachio
  5525 | D:5      | Killed Eustachio
  5526 | D:5      | Reached XP level 7. HP: 31/52 MP: 1/8
  5733 | D:5      | Noticed Duvessa
  5733 | D:5      | Noticed Dowan
  5946 | D:5      | Killed Duvessa
  5947 | D:5      | Reached skill level 5 in Axes
  6046 | D:5      | Killed Dowan
  6311 | D:5      | Reached XP level 8. HP: 58/58 MP: 4/9
  7070 | D:6      | Found an ornate altar of the Wu Jian Council.
  7124 | D:6      | Noticed Blork the orc
  7127 | D:6      | Killed Blork the orc
  7184 | D:6      | Found a shadowy altar of Dithmenos.
  7214 | D:6      | Found Ufosiaroa's Magic Scroll Shoppe.
  7222 | D:6      | Bought a scroll of teleportation for 39 gold pieces
  7222 | D:6      | Bought a scroll of identify for 26 gold pieces
  7222 | D:6      | Bought a scroll of identify for 26 gold pieces
  7222 | D:6      | Bought a scroll of identify for 26 gold pieces
  7237 | D:6      | Identified the +9 short sword of Iqat {vorpal, rF+ Int+4}
  7865 | D:6      | Reached skill level 1 in Short Blades
  7893 | D:6      | Reached skill level 2 in Short Blades
  7902 | D:6      | Reached skill level 3 in Short Blades
  7905 | D:6      | Reached XP level 9. HP: 48/63 MP: 1/10
  7911 | D:6      | Reached skill level 4 in Short Blades
  7931 | D:6      | HP: 1/63 [ice beast (7)]
  8063 | D:6      | Reached skill level 5 in Short Blades
  8284 | D:6      | Reached skill level 6 in Short Blades
  8653 | D:7      | Found a blossoming altar of Fedhas.
  8667 | D:7      | Found an opulent altar of Gozag.
  9078 | D:7      | Reached skill level 7 in Short Blades
  9080 | D:7      | Found a staircase to the Ecumenical Temple.
  9093 | Temple   | Entered the Ecumenical Temple
  9731 | D:8      | Reached skill level 8 in Short Blades
  9885 | D:8      | Reached XP level 10. HP: 32/70 MP: 2/11
 10006 | D:8      | Found a viscous altar of Jiyva.
 10118 | D:8      | Identified the +8 ice dragon scales of the Voracious God
                  | {-Tele Fly rF- rC++ Str+8}
 10125 | D:8      | Reached skill level 9 in Short Blades
 10782 | D:9      | Reached skill level 10 in Short Blades
 10798 | D:9      | HP: 3/70 [yak (14)]
 11039 | D:9      | Reached skill level 11 in Short Blades
 11395 | D:9      | Noticed a two-headed ogre
 11503 | D:9      | Killed from afar by a vampire

Illustrated notes

Levels and vault maps discovered:
D:1:      shiori_arrival_elements, layout_basic,
          hellmonk_ecumenical_altar_crossroads
D:2:      layout_basic, kennysheep_generic_room_15
D:3:      layout_basic, serial_shops, nicolae_square_shop
D:4:      layout_loops_ring, gammafunk_temple_overflow_pools,
          minmay_crystal_room
D:5:      layout_loops_ring, general_overflow_altar, uniq_duvessa,
          uniq_eustachio
D:6:      minmay_bubble_buster, layout_layer_cave,
          nicolae_dithmenos_shadow_blocks, kennysheep_little_box, serial_shops,
          nicolae_shop_stone, uniq_blork_the_orc
D:7:      layout_loops_ring, mainiacjoe_overflow_catwalk_spiral, temple_hall
D:8:      layout_rooms, jiyva_altar_1
D:9:      hellmonk_ruined_rings, layout_small_grid, nzn_life_drinkers
Temple:   regret_index_temple_waves

Skill      XL: |  1  2  3  4  5  6  7  8  9 10 |
---------------+-------------------------------+-----
Fire Magic     | 4 5 6 |  6.1
Axes           | 4 6 7 |  7.8
Short Blades   | 3 8 11 | 11.1
Fighting       | |  3.0
Polearms       | |  3.0
Spellcasting   | |  1.0

Action                   |  1- 3 |  4- 6 |  7- 9 | 10-12 || total
-------------------------+-------+-------+-------+-------++-------
Melee: Spear             |    78 |    99 |       |       ||   177
       Punch             |     1 |     1 |       |     3 ||     5
       Hand axe          |       |    80 |    21 |       ||   101
       Short sword       |       |       |   135 |    70 ||   205
 Cast: Scorch            |     2 |    36 |    71 |    50 ||   159
  Use: Scroll            |       |       |     8 |       ||     8
       Potion            |       |       |     1 |       ||     1
 Stab: Sleeping          |       |     1 |       |       ||     1
Armor: Robe              |     5 |    29 |       |       ||    34
       Leather armour    |       |       |    66 |    25 ||    91
Dodge: Dodged            |    38 |    91 |    90 |    30 ||   249
